 Dungeon Crawl Stone Soup version 0.32-a0-391-gce5c0aab1b (webtiles) character file.

Game seed: 14439529083287165822

1661 bearlyready the Shooter (level 9, 0/65 HPs)
             Began as a Coglin Gladiator on Feb 20, 2024.
             Slain by a cyclops (23 damage)
             ... on level 7 of the Dungeon.
             The game lasted 00:12:36 (6734 turns).

bearlyready the Shooter (Coglin Gladiator)          Turns: 6734, Time: 00:12:36

Health: 0/65       AC:  5    Str: 17    XL:     9   Next: 0%
Magic:  9/9        EV: 12    Int: 13    God:
Gold:   541        SH:  0    Dex: 18    Spells: 8/8 levels left

rFire   . . .        b - +1 sling of the Two Names {speed, Int+6}
rCold   + . .        t - +0 sling {Kheti}
rNeg    + . .        n - +0 leather armour
rPois   .            c - +0 helmet
rElec   .            w - +0 cloak
rCorr   .            (no gloves)
SInv    .            (no boots)
Will    .....        (no amulet)
Stlth   +            G - ring of protection from cold
HPRegen 0.30/turn    I - ring of positive energy
MPRegen 0.11/turn

%: no passive effects
@: studying Necromancy, revved, stiff-legged, very slow
A: off-hand wielding, slow wielding, warmup strikes, warmup strides
a: no special abilities


You were on level 7 of the Dungeon.
You visited 1 branch of the dungeon, and saw 7 of its levels.
You also visited: Sewer.

You collected 541 gold pieces.

Inventory:

Hand Weapons
 a - a +0 war axe {Liang}
 b - the +1 sling of the Two Names (weapon) {speed, Int+6}
   (You found it on level 2 of the Dungeon)

   Int+6:     It affects your intelligence (+6).
 f - a +0 shortbow
 t - a +0 sling (worn) {Kheti}
 J - a +0 war axe
Missiles
 d - 3 throwing nets
 e - 3 javelins
 u - 2 boomerangs
 x - 5 poisoned darts
Armour
 c - a +0 helmet (worn)
 n - a +0 leather armour (worn)
 w - a +0 cloak (worn)
Jewellery
 r - a ring of ice
 G - a ring of protection from cold (left grasper)
 I - a ring of positive energy (right grasper)
Talismans
 s - a blade talisman
 C - a maw talisman
Wands
 K - a wand of polymorph (13)
Scrolls
 g - 3 scrolls of amnesia
 h - a scroll of immolation {unknown}
 i - 2 scrolls of poison
 j - 3 scrolls of vulnerability
 k - 2 scrolls of teleportation {unknown}
 l - a scroll of silence {unknown}
 m - 4 scrolls of blinking
 o - 3 scrolls of identify {unknown}
 y - 3 scrolls of enchant weapon {unknown}
 B - 4 scrolls of revelation {unknown}
 D - a scroll of noise {unknown}
 E - a scroll of fear {unknown}
 H - a scroll of enchant armour {unknown}
Potions
 p - 2 potions of ambrosia {unknown}
 q - a potion of degeneration {unknown}
 v - a potion of curing
 z - 2 potions of brilliance
 A - 2 potions of heal wounds {unknown}
 F - 4 potions of might {unknown}
 L - a potion of lignification


   Skills:
 + Level 4.1 Fighting
 - Level 6.0 Axes
 + Level 7.8 Ranged Weapons
 - Level 1.7 Throwing
 - Level 2.6 Dodging
 + Level 3.4 Evocations


You had 8 spell levels left.
You didn't know any spells.
Your spell library contained the following spells:

 Spells                   Type           Power      Damage    Failure   Level
 Shock                    Conj/Air       0%         1d3       36%         1
 Mercury Vapours          Alch/Air       0%         N/A       50%         2
 Mephitic Cloud           Conj/Alch/Air  0%         N/A       75%         3
 Stone Arrow              Conj/Erth      0%         3d7       75%         3
 Swiftness                Air            0%         N/A       75%         3
 Airstrike                Air            0%         2d(0-16)  98%         4
 Animate Armour           Summ/Erth      0%         N/A       98%         4
 Freezing Cloud           Conj/Ice/Air   0%         6-21      100%        5
 Lehudib's Crystal Spear  Conj/Erth      0%         10d2      100%        8


Dungeon Overview and Level Annotations

Branches:
Dungeon (7/15)              Sewer (visited)
 Temple: D:4-7

Altars:
Hepliaklqana
Kikubaaqudgha
Qazlal
Xom

Shops:
D:2 =   D:3 [

Annotations:
D:4 3 runed translucent doors, promet's ghost, amateur CoBr


Innate Abilities, Weirdness & Mutations

You can wield a second weapon in your off-hand.
It takes a long time for you to wield or remove held weapons.
Your first few attacks do less damage.
Your first movements take longer.


Message History

The sling bullet hits the cyclops but does no damage.
The cyclops is lightly wounded.
You shoot a sling bullet.
The sling bullet completely misses the cyclops.
You shoot a sling bullet.
The sling bullet hits the cyclops but does no damage.
The cyclops is lightly wounded.
The cyclops hits you!
You shoot a sling bullet. The sling bullet hits the cyclops.
The cyclops is lightly wounded.
You shoot a sling bullet. The sling bullet hits the cyclops.
The cyclops is lightly wounded.
The cyclops closely misses you.
You shoot a sling bullet. The sling bullet hits the cyclops.
The cyclops is moderately wounded.
You shoot a sling bullet. The sling bullet hits the cyclops.
The cyclops is moderately wounded.
You shoot a sling bullet.
The sling bullet barely misses the cyclops.
You shoot a sling bullet. The sling bullet hits the cyclops.
The cyclops is moderately wounded.
The cyclops hits you!!
Fire: b) +1 sling of the Two Names {speed, Int+6}
Press: ? - help, Q - select action, (/) - cycle Shift-Dir - straight line, f/p - cyclops
Aim: a cyclops, quivering large rocks (moderately wounded, 87% to hit)
You shoot a sling bullet.
The sling bullet hits the cyclops but does no damage.
The cyclops is moderately wounded.
You shoot a sling bullet.
The sling bullet hits the cyclops but does no damage.
The cyclops is moderately wounded.
Fire: b) +1 sling of the Two Names {speed, Int+6}
Press: ? - help, Q - select action, (/) - cycle Shift-Dir - straight line, f/p - cyclops
Aim: a cyclops, quivering large rocks (moderately wounded, 87% to hit)
You shoot a sling bullet. The sling bullet hits the cyclops!
The cyclops is heavily wounded.
You shoot a sling bullet. The sling bullet hits the cyclops.
The cyclops is heavily wounded.
The cyclops hits you!!
You die...

#.#.#.. .#
#.#.#.###.
#.#.#.#.. ######
###.#.#.########
##.....
#.....#........##
#......
#.###.#.######..#
#..###. #...#...#
..###.######..#.#.
#.#.#####.#C#
#.........#...
#.#.'..)#C#@#
#####.##.##.#.
#.#.#).)#.#.#
#.#.....#.
#.#.#######.#
#.#.##..##
#.#.........#
#.#..#..##
#############
#.#..#..##
#.#..#....
#.####.### #.# ..#


You could see a cyclops.

Vanquished Creatures
  A slime creature (D:7)
  2 water moccasins (D:7)
  A sky beast (D:7)
  An ice beast (D:6)
  A centaur (D:6)
  A kobold brigand (D:7)
  3 scorpions
  2 hounds
  4 jellies
  2 orc priests
  A gnoll bouda (D:7)
  2 sleepcaps
  3 iguanas
  2 orc wizards
  5 gnolls
  5 adders
  A river rat (Sewer)
  5 ribbon worms
  A dart slug (D:5)
  22 orcs
  9 endoplasms
  8 giant cockroaches
  4 goblins
  4 hobgoblins
  2 jackals (D:3)
  9 kobolds
  4 quokkas
  9 ball pythons
  4 bats (D:1)
  10 frilled lizards
  4 rats
132 creatures vanquished.

Notes
Turn   | Place    | Note
-------+----------+-------------------------------------------
     0 | D:1      | bearlyready the Coglin Gladiator began the quest for the
                  | Orb.
     0 | D:1      | Reached XP level 1. HP: 16/16 MP: 1/1
    62 | D:1      | You fall into a shaft and drop 1 floor!
   187 | D:1      | Reached XP level 2. HP: 22/22 MP: 2/2
   492 | D:1      | Reached XP level 3. HP: 23/27 MP: 3/3
  1131 | D:2      | Reached XP level 4. HP: 32/33 MP: 4/4
  1152 | D:2      | Reached skill level 5 in Axes
  1157 | D:2      | Identified the +1 sling of the Two Names {speed, Int+6}
  1239 | D:2      | Found Qybeuq's Jewellery Shoppe.
  1703 | D:3      | Noticed a scorpion
  1713 | D:3      | Killed a scorpion
  1714 | D:3      | Reached XP level 5. HP: 26/38 MP: 5/5
  1750 | D:3      | Found a faded altar of an unknown god.
  1761 | D:3      | Found Uwiditos's Antique Armour Shoppe.
  1931 | D:3      | Reached skill level 1 in Ranged Weapons
  1937 | D:3      | Reached XP level 6. HP: 42/46 MP: 6/6
  2128 | D:3      | Found a glowing drain.
  2149 | Sewer    | Entered a sewer
  2302 | Sewer    | Reached skill level 2 in Ranged Weapons
  2322 | Sewer    | Found a viscous altar of Jiyva.
  2718 | D:4      | Reached skill level 3 in Ranged Weapons
  2718 | D:4      | Reached XP level 7. HP: 37/52 MP: 7/7
  2919 | D:4      | Found a runed translucent gate.
  2922 | D:4      | Found a runed translucent gate.
  2922 | D:4      | Found a runed translucent gate.
  2924 | D:4      | Noticed promet's ghost (amateur CoBr)
  3029 | D:4      | Reached skill level 4 in Ranged Weapons
  3517 | D:5      | Entered Level 5 of the Dungeon
  4874 | D:7      | Reached skill level 5 in Ranged Weapons
  5076 | D:7      | Noticed a slime creature
  5335 | D:6      | Reached XP level 8. HP: 58/58 MP: 8/8
  5370 | D:6      | Reached skill level 6 in Ranged Weapons
  5800 | D:6      | Noticed a komodo dragon
  5893 | D:7      | Reached skill level 7 in Ranged Weapons
  6196 | D:7      | Reached skill level 1 in Evocations
  6445 | D:7      | Found an ancient bone altar of Kikubaaqudgha.
  6451 | D:7      | Found a hazy altar of Hepliaklqana.
  6451 | D:7      | Found a stormy altar of Qazlal.
  6453 | D:7      | Found a shimmering altar of Xom.
  6609 | D:7      | Killed a slime creature
  6610 | D:7      | Reached XP level 9. HP: 42/65 MP: 9/9
  6698 | D:7      | Noticed a cyclops
  6734 | D:7      | Slain by a cyclops

Illustrated notes

Levels and vault maps discovered:
D:1:      co_arrival_random_square_maze, layout_loops_ring, kennysheep_boxes
D:2:      layout_basic, serial_shops, shop, minmay_pentomino_w4
D:3:      layout_rooms, serial_shops, nicolae_shop_trees,
          cheibrodos_sewer_entry_bend, ebering_ecumenical_altar_abandoned
D:4:      layout_rooms, ebering_ghost_rock_garden
D:5:      layout_layer_cave
D:6:      layout_loops_cross, lemuel_blue_sif_altar,
          minmay_temple_entry_enclosed_plants, kennysheep_generic_room_6
D:7:      layout_basic, mainiacjoe_overflow_alcove_3, st_stairs_4, wad_mini_maze

Skill      XL: |  1  2  3  4  5  6  7  8 |
---------------+-------------------------+-----
Axes           | 4 5 6 |  6.0
Ranged Weapons | 1 3 5 7 |  7.8
Fighting       | 3 4 |  4.1
Evocations     | 3 |  3.4
Throwing       | |  1.7
Dodging        | |  2.6

Action                     |  1- 3 |  4- 6 |  7- 9 || total
---------------------------+-------+-------+-------++-------
  Melee: War axe           |    79 |    19 |       ||    98
         Sling             |       |     2 |    30 ||    32
   Fire: Sling             |       |   242 |   490 ||   732
  Throw: Throwing net      |       |     1 |       ||     1
    Use: Scroll            |       |     2 |     2 ||     4
         Potion            |       |     1 |     7 ||     8
   Stab: Sleeping          |     2 |       |       ||     2
 Armour: Leather armour    |    49 |    34 |    97 ||   180
         Skin              |       |     3 |    16 ||    19
  Dodge: Dodged            |    56 |    41 |    76 ||   173

Table legend: (Time is in decaauts)
 A = Elapsed time spent in this place.
 B = Non-inter-level travel time spent in this place.
 C = Inter-level travel time spent in this place.
 D = Time resting spent in this place.
 E = Time spent auto-exploring this place.
 F = Levels seen in this place.
 G = Mean time per level.
                   A        B        C        D        E       F      G
               +--------+--------+--------+--------+--------+-----+--------+
         Total |   7019 |   6638 |    381 |    211 |   5210 |   8 |  877.4 |
       Dungeon |   6737 |   6356 |    381 |    211 |   5040 |   7 |  962.4 |
         Sewer |    282 |    282 |      0 |      0 |    169 |   1 |  282.0 |
               +--------+--------+--------+--------+--------+-----+--------+

Top non-repeatable levels by time:
     D:5: 1271 daAuts
     D:7: 1165 daAuts
     D:1: 1037 daAuts
     D:4: 843 daAuts
     D:6: 840 daAuts
     D:3: 794 daAuts
     D:2: 783 daAuts
   Sewer: 282 daAuts
